 Dungeon Crawl Stone Soup version 0.26-a0-1013-gf6ffb0d6bd (webtiles) character file.

Game seed: 2942651536541761817

2375 lunkers the Geomancer (level 9, -1/49 HPs)
             Began as a Deep Elf Earth Elementalist on Dec 7, 2020.
             Shot with a sling bullet by Joseph (8 damage)
             ... on level 8 of the Dungeon.
             The game lasted 00:10:27 (8342 turns).

lunkers the Geomancer (Deep Elf Earth Elementalist) Turns: 8342, Time: 00:10:28

Health: -1/49      AC:  7    Str:  5    XL:     9   Next: 21%
Magic:  4/24       EV: 13    Int: 24    God:
Gold:   344        SH:  0    Dex: 15    Spells: 15/26 levels left

rFire    . . .     SeeInvis .   D - +12 war axe "Won Pot" {speed, rElec rC+}
rCold    + . .     Faith    .   (no shield)
rNeg     . . .     Spirit   .   t - +2 robe {Archmagi}
rPois    .         Reflect  .   C - +2 helmet
rElec    +         Harm     .   (no cloak)
rCorr    .         Rampage  .   (no gloves)
Will     .....                  (no boots)
Stlth    ++........             k - amulet of regeneration
HPRegen  0.56/turn              q - ring of flight
MPRegen  0.19/turn              (no ring)

@: no status effects
A: no striking features
a: Evoke Flight


You were on level 8 of the Dungeon.
You visited 2 branches of the dungeon, and saw 9 of its levels.
You also visited: Ossuary.

You collected 344 gold pieces.

Inventory:

Hand Weapons
 m - a +1 mace of protection
 D - the +12 war axe "Won Pot" (weapon) {speed, rElec rC+}
   (You found it on level 4 of the Dungeon)

   Attacks with this weapon are significantly faster.
   It protects you from cold.
   It insulates you from electricity.
Missiles
 b - 136 stones (quivered)
Armour
 t - a +2 robe of the Archmagi (worn)
 u - a +0 kite shield
 C - a +2 helmet (worn)
Jewellery
 k - an amulet of regeneration (around neck)
 q - a ring of flight (left hand)
Wands
 s - a wand of paralysis (30)
 y - a wand of flame (14)
 E - a wand of random effects (20)
 F - a wand of acid (6)
 G - a wand of digging (7)
 H - a wand of polymorph (11)
 J - a wand of iceblast (9)
Scrolls
 a - a scroll of fog
 d - a scroll of immolation {unknown}
 e - 2 scrolls of fear
 g - a scroll of noise {unknown}
 h - 4 scrolls of teleportation
 l - 2 scrolls of remove curse
 n - a scroll of enchant weapon {unknown}
 v - a scroll of blinking {unknown}
 I - a scroll of identify
Potions
 c - 10 potions of curing
 f - 2 potions of cancellation
 i - 2 potions of haste {unknown}
 j - 2 potions of mutation {unknown}
 o - 3 potions of heal wounds
 p - 3 potions of lignification
 r - a potion of brilliance {unknown}
 w - 2 potions of flight {unknown}
 x - 3 potions of ambrosia {unknown}
 z - 4 potions of might
 A - a potion of degeneration {unknown}
 B - 4 potions of attraction {unknown}


   Skills:
 + Level 2.8 Fighting
 - Level 2.4 Dodging
 - Level 2.4 Stealth
 + Level 9.3 Spellcasting
 - Level 1.1 Transmutations
 * Level 11.0 Earth Magic


You had 15 spell levels left.
You knew the following spells:

 Your Spells              Type           Power        Failure   Level
a - Stone Arrow           Conj/Erth      ######       1%          3
b - Passwall              Tmut/Erth      ######..     1%          2
c - Sandblast             Erth           ######       1%          1
d - Lee's Rapid Deconstr  Erth           #######...   1%          5

Your spell library contained the following spells:

 Spells                   Type           Power        Failure   Level
 Petrify                  Tmut/Erth      ######..     4%          4
 Shock                    Conj/Air       ###.         5%          1
 Swiftness                Air            ###.....     9%          2
 Static Discharge         Conj/Air       ###.....     17%         3
 Airstrike                Air            ###.......   50%         4
 Lightning Bolt           Conj/Air       ###.......   83%         5


Dungeon Overview and Level Annotations

Branches:
Dungeon (8/15)             Temple (1/1) D:4         Ossuary (visited)
   Lair: D:8-11

Altars:
Ashenzari
Cheibriados
Dithmenos
Elyvilon
Fedhas
Gozag
Hepliaklqana
Kikubaaqudgha
Makhleb
Nemelex Xobeh
Ru
Sif Muna
Trog
Wu Jian
Xom
Yredelemnul
Zin

Shops:
D:4 (

Annotations:
D:8 Joseph


Message History

Joseph is almost dead.
* * * LOW MAGIC WARNING * * *
Joseph shoots a sling bullet.
The sling bullet hits you.
* * * LOW HITPOINT WARNING * * *
The sling bullet burns you.
* * * LOW HITPOINT WARNING * * *
Unknown command.
Casting: Stone Arrow (safe; 1% risk of failure)
Confirm with . or Enter, or press ? or * to list all spells.
Aiming: Stone Arrow (safe; 1% risk of failure)
Press: ? - help, Shift-Dir - straight line, f/p - Joseph
Aim: Joseph, wielding a +1 hunting sling of flaming, wearing a +3 ring mail of poison resistance and quivering 18 sling bullets (almost dead, 19% to evade)
You feel a surge of power!
The stone arrow hits Joseph but does no damage.
Joseph is almost dead.
* * * LOW MAGIC WARNING * * *
Joseph shoots a sling bullet.
The sling bullet hits you!!
* * * LOW HITPOINT WARNING * * *
The sling bullet burns you!
You die...

.## ## .. @. ##.. #. #..
## #. ..# ..
#.######.### #.#
#$@........####....
.................>......
#......(#####.#.######.#
..#####.# #.#........# #
..# #.#######..# ####
#..........#
###........# #......#.#
####....#.#..


You could see Joseph.

Vanquished Creatures
  Grinder (D:4)
  Sigmund (D:3)
  A wraith (Ossuary)
  Eustachio (D:4)
  An orc warrior (D:7)
  A phantom (D:6)
  A necrophage (D:7)
  An ogre (D:4)
  2 centaurs
  5 bullfrogs
  A scorpion (D:5)
  A howler monkey (D:6)
  A centaur zombie (D:6)
  A jelly (D:7)
  3 hounds
  A bullfrog zombie (D:7)
  2 orc priests
  A centaur skeleton (D:4)
  A bullfrog skeleton (D:4)
  3 iguanas
  3 orc wizards
  2 worker ants
  A hound skeleton (D:6)
  A mummy (Ossuary)
  3 gnolls (D:7)
  9 adders
  2 shadow imps
  3 oozes
  An adder zombie (D:6)
  4 worms
  2 dart slugs (D:1)
  3 leopard geckos
  17 orcs
  5 giant cockroaches
  16 goblins
  10 hobgoblins
  11 jackals
  6 kobolds
  A quokka (D:6)
  2 ball pythons
  8 bats
  6 frilled lizards
  9 gnoll skeletons (Ossuary)
  6 kobold skeletons (Ossuary)
  A kobold zombie (D:4)
  10 orc skeletons (Ossuary)
  A quokka skeleton (D:4)
  12 rats
185 creatures vanquished.

Vanquished Creatures (others)
  5 toadstools (D:1)
5 creatures vanquished.

Grand Total: 190 creatures vanquished

Notes
Turn   | Place    | Note
-------+----------+-------------------------------------------
     0 | D:1      | lunkers the Deep Elf Earth Elementalist began the quest for
                  | the Orb.
     0 | D:1      | Reached XP level 1. HP: 10/10 MP: 6/6
   141 | D:1      | Reached XP level 2. HP: 15/15 MP: 5/8
   303 | D:1      | Reached skill level 4 in Earth Magic
   542 | D:1      | Reached XP level 3. HP: 19/19 MP: 7/10
  1275 | D:2      | Reached skill level 5 in Earth Magic
  1275 | D:2      | Reached XP level 4. HP: 13/24 MP: 9/12
  1429 | D:2      | Reached XP level 5. HP: 26/28 MP: 7/14
  2400 | D:3      | Found a faded altar of an unknown god.
  2403 | D:3      | Reached skill level 5 in Spellcasting
  2471 | D:3      | Noticed Sigmund
  2684 | D:3      | Reached skill level 6 in Earth Magic
  2825 | D:3      | Reached XP level 6. HP: 32/32 MP: 9/16
  3074 | D:3      | Killed Sigmund
  3075 | D:3      | Reached skill level 7 in Earth Magic
  3140 | D:3      | Found a burning altar of Makhleb.
  3196 | D:4      | Reached XP level 7. HP: 36/36 MP: 16/18
  3214 | D:4      | Found a sand-covered staircase.
  3235 | Ossuary  | Entered an ossuary
  3235 | Ossuary  | Noticed a wraith
  3235 | Ossuary  | Noticed a wraith
  3235 | Ossuary  | Noticed a wraith
  3323 | Ossuary  | Noticed a wraith
  3338 | Ossuary  | Killed a wraith
  3339 | Ossuary  | Reached skill level 8 in Earth Magic
  3424 | Ossuary  | Learned a level 2 spell: Passwall
  3428 | Ossuary  | Learned a level 3 spell: Stone Arrow
  4085 | D:4      | Found a staircase to the Ecumenical Temple.
  4108 | D:4      | Found Kaet's Weapon Shop.
  4269 | D:4      | Noticed Grinder
  4272 | D:4      | Killed Grinder
  4273 | D:4      | Reached skill level 9 in Earth Magic
  4273 | D:4      | Reached XP level 8. HP: 41/41 MP: 10/21
  4420 | D:4      | Noticed Eustachio
  4427 | D:4      | Killed Eustachio
  4914 | D:4      | Got a crude war axe
  4915 | D:4      | Identified the +12 war axe "Won Pot" {speed, rElec rC+}
                  | (You found it on level 4 of the Dungeon)
  4969 | D:4      | Learned a level 5 spell: Lee's Rapid Deconstruction
  4975 | D:5      | Entered Level 5 of the Dungeon
  5317 | D:5      | Found an ancient bone altar of Kikubaaqudgha.
  5488 | Temple   | Entered the Ecumenical Temple
  6084 | D:6      | Reached skill level 1 in Fighting
  6288 | D:6      | Reached skill level 10 in Earth Magic
  6457 | D:6      | Found a glowing silver altar of Zin.
  7346 | D:7      | Reached XP level 9. HP: 48/48 MP: 16/24
  7628 | D:7      | Found a sparkling altar of Nemelex Xobeh.
  7685 | D:7      | Reached skill level 11 in Earth Magic
  7830 | D:7      | Found a sparkling altar of Nemelex Xobeh.
  8267 | D:7      | Found a white marble altar of Elyvilon.
  8304 | D:8      | Found an ornate altar of the Wu Jian Council.
  8335 | D:8      | Noticed Joseph
  8342 | D:8      | Shot with a sling bullet by Joseph

Illustrated notes

Levels and vault maps discovered:
D:1:      ldierk_walled_garden, layout_loops_ring, serial_park_tiny_1,
          minmay_ruptured
D:2:      cheibrodos_pilgrimage, layout_basic, minmay_mini_jars
D:3:      layout_basic, makhleb_blood_cavern_becter,
          chequers_ecumenical_altar_simple, uniq_sigmund
D:4:      layout_loops_cross, minmay_temple_entry_glassed_door, serial_shops,
          shop, enter_ossuary_3, portal_sewer_entry_d, uniq_grinder,
          uniq_eustachio
D:5:      layout_basic, kiku_gazebo_pond_becter
D:6:      layout_basic, old_standard_altar
D:7:      corexii_shack_village, layout_rooms, nicolae_overflow_hidden_temple,
          kennysheep_mini, nemelex_spade_bored_becter
D:8:      layout_basic, lemuel_crystal_altar, grunt_lair_entry_orc_guard_hut,
          special_room [special_room_orc], uniq_joseph
Temple:   minmay_temple_curvy_loop

Skill      XL: |  1  2  3  4  5  6  7  8  9 |
---------------+----------------------------+-----
Earth Magic    | 4 5 6 7 9 10 11 | 11.0
Spellcasting   | 4 5 6 7 9 |  9.3
Fighting       | 2 |  2.8
Dodging        | |  2.4
Stealth        | |  2.4
Transmutations | |  1.1

Action                   |  1- 3 |  4- 6 |  7- 9 || total
-------------------------+-------+-------+-------++-------
Melee: War axe           |       |       |     7 ||     7
 Cast: Sandblast         |    55 |    65 |    18 ||   138
       Stone Arrow       |       |       |   135 ||   135
  Use: Scroll            |       |       |     9 ||     9
Armor: Robe              |       |     1 |     8 ||     9
Dodge: Dodged            |     4 |    12 |    26 ||    42

Table legend: (Time is in decaauts)
 A = Elapsed time spent in this place.
 B = Non-inter-level travel time spent in this place.
 C = Inter-level travel time spent in this place.
 D = Time resting spent in this place.
 E = Time spent auto-exploring this place.
 F = Levels seen in this place.
 G = Mean time per level.
                   A        B        C        D        E       F      G
               +--------+--------+--------+--------+--------+-----+--------+
         Total |   8351 |   8028 |    323 |    375 |   6669 |  10 |  835.1 |
       Dungeon |   7570 |   7273 |    297 |    277 |   6110 |   8 |  946.2 |
        Temple |    211 |    185 |     26 |      0 |    185 |   1 |  211.0 |
       Ossuary |    569 |    569 |      0 |     98 |    374 |   1 |  569.0 |
               +--------+--------+--------+--------+--------+-----+--------+

Top non-repeatable levels by time:
     D:2: 1415 daAuts
     D:4: 1252 daAuts
     D:6: 1192 daAuts
     D:7: 1119 daAuts
     D:1: 957 daAuts
     D:3: 818 daAuts
     D:5: 748 daAuts
 Ossuary: 569 daAuts
  Temple: 211 daAuts
     D:8: 66 daAuts
